 Dungeon Crawl Stone Soup version 0.29.1-1-gd02db6906a (webtiles) character file.

Game seed: 16365510761846396271

18 gelatine the Insei (level 2, -9/18 HPs)
             Began as an Octopode Transmuter on Sept 21, 2022.
             Mangled by a gnoll
             ... wielding a +1 halberd of venom
              (10 damage)
             ... on level 2 of the Dungeon.
             The game lasted 00:02:07 (1492 turns).

gelatine the Insei (Octopode Transmuter)            Turns: 1492, Time: 00:02:09

Health: -9/18      AC:  1    Str:  9    XL:     2   Next: 70%
Magic:  1/5        EV: 13    Int: 15    God:
Gold:   95         SH:  0    Dex: 12    Spells: 2/5 levels left

rFire   . . .      SeeInvis .     - Unarmed
rCold   . . .      Faith    .   (no shield)
rNeg    . . .      Spirit   .   (helmet currently unavailable)
rPois   .          Reflect  .   (no amulet)
rElec   .          Harm     .   (no ring)
rCorr   .          Rampage  .   (no ring)
Will    .....                   (no ring)
Stlth   ++........              (no ring)
HPRegen 0.06/turn               (no ring)
MPRegen 0.09/turn               (no ring)
                                (no ring)
                                (no ring)

@: appendages, wereblooded, very slightly contaminated
A: tentacle spike 3, almost no armour, amphibious, 8 rings, camouflage 1,
gelatinous body 1, (nimble swimmer 1), tentacles
a: End Transformation


You were on level 2 of the Dungeon.
One of your tentacles had grown a beastly spike.
You visited 1 branch of the dungeon, and saw 2 of its levels.

You collected 95 gold pieces.

Inventory:

Scrolls
 c - a scroll of teleportation {unknown}
 e - a scroll of identify {unknown}
Potions
 a - a potion of lignification
 b - a potion of magic {unknown}
 d - a potion of degeneration {unknown}
 f - a potion of heal wounds {unknown}
 g - 2 potions of curing {unknown}


   Skills:
 * Level 1.2 Fighting
 * Level 2.2 Dodging
 * Level 0.2 Stealth
 * Level 3.4 Unarmed Combat
 + Level 2.1 Spellcasting
 * Level 2.1 Transmutations


You had 2 spell levels left.
You knew the following spells:

 Your Spells              Type           Power      Damage    Failure   Level
a - Beastly Appendage     Tmut           14%        N/A       10%         1
b - Wereblood             Tmut           7%         N/A       14%         2

Your spell library contained the following spells:

 Spells                   Type           Power      Damage    Failure   Level
 Summon Small Mammal      Summ           4%         N/A       22%         1
 Passwall                 Tmut/Erth      3%         N/A       22%         2
 Ensorcelled Hibernation  Hex/Ice        2%         N/A       32%         2
 Spider Form              Tmut/Pois      4%         N/A       38%         3
 Call Canine Familiar     Summ           1%         N/A       54%         3
 Summon Guardian Golem    Hex/Summ       1%         N/A       54%         3
 Swiftness                Air            1%         N/A       54%         3
 Ice Form                 Ice/Tmut       4%         N/A       80%         4


Dungeon Overview and Level Annotations

Branches:
Dungeon (2/15)

Altars:


Innate Abilities, Weirdness & Mutations

One of your tentacles has grown a beastly spike.
You cannot wear most types of armour.
You are amphibious.
You can wear up to eight rings at the same time.
Your skin changes colour to match your surroundings (Stealth+).
Your rubbery body absorbs attacks. (AC +1, EV +1)
((You are camouflaged when in or above water. (Stealth+)))
You have tentacles for arms and can constrict up to eight enemies at once.


Message History

g - 2 viscous silvery potions A bat comes into view.
One of your tentacles grows a vicious spike.
The helpless bat fails to defend itself.
You tentacle-slap the bat. Your grab misses the bat.
You pierce the bat, but do no damage.
The bat is severely wounded.
The bat barely misses you.
You tentacle-slap the bat.
You kill the bat!
Your transformation is almost over.
A gnoll comes into view. It is wielding a +0 spear.
The gnoll shouts!
A gnoll comes into view. It is wielding a +0 club.
A gnoll comes into view. It is wielding a +0 halberd.
A gnoll comes into view. It is wielding a +1 halberd of venom.
The gnoll moves out of view.
You miscast Beastly Appendage.
You are very lightly contaminated with residual magic.
Nothing appears to happen.
The gnoll shouts!
Your tentacle spike disappears.
A hobgoblin comes into view.
One of your tentacles grows a vicious spike.
The gnoll shouts! x2
The gnoll hits you from afar with a +0 spear!
Ouch! That really hurt!
Casting: Beastly Appendage (safe; 10% risk of failure)
Confirm with . or Enter, or press ? or * to list all spells.
Your blood is infused with primal strength.
The gnoll completely misses you. The gnoll hits you with a +0 spear!
* * * LOW HITPOINT WARNING * * *
You tentacle-slap the gnoll. You grab the gnoll.
The gnoll is moderately wounded.
You constrict the gnoll, but do no damage.
The gnoll barely misses you.
The gnoll hits you from afar with a +1 halberd of venom!
Ouch! That really hurt!
You die...

#..# #..##.# #..#
#..##.# #..# ##.########
#..# #.........# ####).#
##.######## ......# #.#
.##...# #.# .#.###.#
#.####### ...#
.......#..@ggg#
.#.###.##..##.###.#..g..
.##........... #g. ...
...######..### .... .
.#.# #. ...# ##.## #
...# #...#####.. ....
........... ..##
#...#######


You could see 4 gnolls and a hobgoblin.

Vanquished Creatures
  A bat (D:2)
  An endoplasm (D:1)
  A giant cockroach (D:1)
  2 goblins
  A hobgoblin (D:2)
  2 jackals (D:1)
  4 kobolds
  A ball python (D:1)
  A frilled lizard (D:1)
  3 rats (D:1)
17 creatures vanquished.

Notes
Turn   | Place    | Note
-------+----------+-------------------------------------------
     0 | D:1      | gelatine the Octopode Transmuter began the quest for the
                  | Orb.
     0 | D:1      | Reached XP level 1. HP: 13/13 MP: 3/3
   768 | D:1      | Reached XP level 2. HP: 18/18 MP: 5/5
  1226 | D:1      | Found a faded altar of an unknown god.
  1295 | D:2      | Learned a level 2 spell: Wereblood
  1492 | D:2      | Mangled by a gnoll

Illustrated notes

Levels and vault maps discovered:
D:1:      kennysheep_arrival_forest, layout_basic,
          shapermc_ecumenical_altar_mp_ritualfount
D:2:      layout_loops_ring, amcnicky_mini_rare_corridor_liquid,
          kennysheep_generic_room_12, uniq_crazy_yiuf_cottage

Action                   || total
-------------------------++-------
Melee: Unarmed           ||    47
       Kick              ||    13
       Constrict         ||    11
       Tentacles         ||     7
 Cast: Beastly Appendage ||    14
       Wereblood         ||     1
 Stab: Sleeping          ||     4
Armor: Skin              ||     4
Dodge: Dodged            ||    29
